[Event "Czech Open-Rapid 2022"]
[Site "Pardubice"]
[Date "2022.07.21"]
[Round "5.14"]
[White "Jares, Michal"]
[Black "Seger, Ruediger"]
[Result "1/2-1/2"]
[ECO "A49"]
[WhiteElo "2208"]
[BlackElo "2299"]
[Annotator "TA"]
[PlyCount "59"]
[EventDate "2022.07.20"]
[EventType "swiss"]
[EventCountry "CZE"]
[SourceTitle "playchess.com"]
[Source "ChessBase"]
[SourceQuality "1"]
[TimeControl "1200+10"]

1. d4 Nf6 2. Nf3 g6 3. g3 Bg7 4. Bg2 O-O 5. O-O d5 6. c4 dxc4 7. Na3 Nc6 8. Nxc4 Be6 9. Nce5 Bd5 10. Bf4 e6 {[%emt 0:00:45] D77: Fianchetto Grünfeld: 6 0-0: Replies other than 6...c6.} 11. Nxc6 Bxc6 12. Be5 {[%emt 0:00:03] [#]} Qe7 $146 ({Predecessor:} 12... Be4 13. Qc1 Nd5 14. Bxg7 Kxg7 15. Rd1 Qe7 16. Qc5 Rfd8 17. Rac1 c6 18. a3 Qxc5 19. dxc5 {½-½ (60) Vesterlund,J-Gustafsson,F Sweden 1998}) 13. Rc1 Rfd8 14. Qc2 Rac8 15. Rfd1 Bh6 {[%emt 0:00:19] The position is equal.} 16. Bf4 Bxf4 17. gxf4 Be4 18. Qc5 Qxc5 19. Rxc5 b6 20. Rcc1 c5 21. dxc5 Rxd1+ 22. Rxd1 Rxc5 {[%emt 0:00:02] Strongly threatening ...Rc2.} 23. Nd4 {[%emt 0:00:31] Against Rc2} Bxg2 24. Kxg2 $11 {[%emt 0:00:03][%mdl 4096] Endgame KRN-KRN} h6 25. e3 Kf8 26. Nb3 Rc7 27. Kf3 Ke7 28. h3 Nd5 29. Rc1 Rxc1 30. Ke4 $2 {[%mdl 40960] Weighted Error Value: White=0.06 (flawless) /Black=0.02 (flawless) . An unexpected result.} (30. Nxc1 $11 Nb4 31. a3) 1/2-1/2

[Event "Czech Open-Rapid 2022"]
[Site "Pardubice"]
[Date "2022.07.21"]
[Round "5.15"]
[White "Kovalskyi, Roman"]
[Black "Jurek, Josef"]
[Result "1-0"]
[ECO "C02"]
[WhiteElo "2056"]
[BlackElo "2200"]
[Annotator "TA"]
[PlyCount "95"]
[EventDate "2022.07.20"]
[EventType "swiss"]
[EventCountry "CZE"]
[SourceTitle "playchess.com"]
[Source "ChessBase"]
[SourceQuality "1"]
[TimeControl "1200+10"]

1. e4 e6 2. d4 d5 3. e5 c5 4. c3 Nc6 5. Nf3 Bd7 6. Bd3 cxd4 {[%emt 0:00:07] C02: French: Advance Variation.} 7. O-O {[%emt 0:00:25] is the new trend.} dxc3 8. Nxc3 Nge7 {[%emt 0:00:03] Black is slightly better.} 9. h4 {[%emt 0:00:09] [#]} Ng6 $146 ({Predecessor:} 9... Nb4 10. Bb1 Nec6 11. a3 Na6 12. b4 Nc7 13. Re1 a6 14. Bb2 h6 15. h5 Be7 {1-0 (34) Kiolbasa,O (2375)-Bayat,S (2092) Chess.com INT 2022}) 10. Re1 Nxh4 11. Nxh4 (11. Ng5 $142 g6 12. Qg4) 11... Qxh4 $17 12. Nb5 Rc8 {[%emt 0:00:17] Against Nc7+} (12... Bc5 13. Be3 Bxe3 14. Rxe3 $17) 13. g3 Qd8 14. Qg4 Nb4 (14... g5 $17 {Strongly threatening ...h6.} 15. Bxg5 Rg8 16. Bxd8 (16. f4 $2 Qb6+ 17. Kh1 Nb4 $19) 16... Rxg4) 15. Nd6+ $1 $11 Bxd6 16. Qxg7 {[%emt 0:00:01][%mdl 8192] [#]} (16. exd6 $11 {and White is okay.} Nxd3 17. Qxg7) 16... Bf8 $1 $19 17. Qxh8 Nxd3 18. Bh6 Qe7 19. Re3 Bb5 (19... Nxb2 20. Rb3 $14) 20. Bg7 Rc2 ({Inferior is} 20... Nxb2 21. Rb3 Bd3 22. Rxb2 $11) 21. Rf3 Rxb2 $2 ({Better is} 21... Nxb2 $19 22. Rb1 b6) 22. Rd1 ({White must play} 22. Qg8 $15) 22... Rxa2 $17 23. Rdxd3 (23. Rb1 $17 {is a better defense.} a6 24. Qg8) 23... Bxd3 $19 24. Rxd3 Ra3 {[%emt 0:01:00] Inhibits Rc3.} ({Stronger than} 24... Qc5 25. Rf3 Ra3 26. Bxf8 Ra1+ 27. Kg2 Qxf8 28. Qxh7 $17) (24... Rc2 $19 {Threatens to win with ...b5.} 25. Rb3 b6) 25. Bxf8 Ra1+ {[%emt 0:00:02][%mdl 64] Zwischenzug} 26. Kg2 Qxf8 27. Qxh7 $17 {[%emt 0:00:02][%mdl 4096] Endgame KQR-KQR} Rc1 {[%emt 0:00:25] Inhibits Rc3.} 28. g4 (28. Rf3 $17) 28... Rc4 $19 29. Rg3 (29. Kg3 $142) 29... Kd7 30. g5 Kc6 $2 (30... Qe7 $1 $19 {aiming for ...b5.} 31. Qg8 Rf4) 31. Rf3 $17 Rg4+ ({Black should play} 31... Qd8 $1 $17 32. Qxf7 Qxg5+ 33. Rg3 Qxe5) 32. Kh3 $11 Rxg5 33. Rxf7 Qa3+ 34. Kh4 {[%emt 0:00:20] The board is on fire.} Rf5 $2 (34... Rxe5 $2 35. Qc2+ Qc5 36. Rc7+ $3 Kxc7 37. Qxc5+ Kd7 38. Qxa7 $18) (34... Rg1 $11 35. Qc2+ Kb6 36. Qc7+ Kb5 37. Qxb7+ Kc4) 35. Rxf5 $18 ({Not} 35. Rxb7 Qa4+ 36. Kh3 Qa3+ 37. Kh4 Qa4+ 38. Kh3 Qa3+ 39. Kh4 $15) 35... exf5 {[%emt 0:00:36] [#]} 36. Qxf5 {[%emt 0:00:01] KQ-KQ} (36. Kg5 $1 $18) 36... Qe7+ $11 {[%emt 0:00:17] The position is equal.} 37. Kg3 Kc7 38. f4 b5 39. Qd3 Qc5 40. f5 {[%emt 0:00:00] Black must now prevent f6.} Qc4 41. Qd2 b4 {[%emt 0:00:42] ( -> ...Qc3+)} 42. f6 {[%emt 0:00:10] And now f7 would win.} Qe4 43. Qg5 Qe1+ 44. Kg4 Qe4+ 45. Kg3 Qe1+ 46. Kg4 Qe4+ 47. Kg3 Qe1+ 48. Kg4 {[%mdl 32768] Weighted Error Value: White=0.31/Black=0.30. Sensor Board Error (Ke4/e5)?} 1-0

[Event "Czech Open-Rapid 2022"]
[Site "Pardubice"]
[Date "2022.07.21"]
[Round "5.16"]
[White "Brejnik, Gustav"]
[Black "Ret, Adam Josef"]
[Result "1/2-1/2"]
[ECO "D30"]
[WhiteElo "2292"]
[BlackElo "2023"]
[Annotator "TA"]
[PlyCount "51"]
[EventDate "2022.07.20"]
[EventType "swiss"]
[EventCountry "CZE"]
[SourceTitle "playchess.com"]
[Source "ChessBase"]
[SourceQuality "1"]
[TimeControl "1200+10"]

1. d4 d5 2. c4 e6 3. Nf3 c5 4. cxd5 exd5 5. g3 Nc6 6. Bg2 Nf6 7. O-O Be7 8. dxc5 Bxc5 9. a3 O-O 10. b4 Bd6 11. Nc3 Be6 12. Nb5 {[#] D34: Tarrasch Defence: 6 g3 Nf6 7 Bg2 Be7.} Bb8 $146 ({Predecessor:} 12... Be7 13. Nbd4 Qd7 14. Bb2 Bh3 15. Nxc6 bxc6 16. Ne5 Qe6 17. Nxc6 Bxg2 18. Nxe7+ Qxe7 19. Kxg2 Rad8 {1-0 (53) Zia,T (2232)-Ariful,A (1968) Dhaka 2021}) 13. Bb2 a6 14. Nbd4 {White is slightly better.} Bd6 ({Black should play} 14... Nxd4 $14 15. Nxd4 (15. Bxd4 Bd6 $14) (15. Qxd4 Re8 $14) 15... Bg4) 15. Rc1 Rc8 (15... Nxd4 $16 16. Nxd4 (16. Bxd4 a5 $11) 16... Qe7) 16. Nxc6 ({White must play} 16. Nxe6 $18 fxe6 17. Bh3) 16... bxc6 $16 17. Qa4 {Inhibits a5.} a5 18. bxa5 c5 19. a6 Ra8 20. Rfd1 Qd7 21. Qh4 Be7 22. Ne5 {White is more active.} (22. Ng5 $14 h6 23. Nxe6 fxe6 24. Qh3) 22... Qd6 23. Qf4 {The position is equal.} Rxa6 24. Nd3 Qxf4 25. Nxf4 d4 26. h4 {Weighted Error Value: White=0.32/Black=0.23 (precise)} ({Better is} 26. Nxe6 $11 Rxe6 27. Rc2) 1/2-1/2

[Event "Czech Open-Rapid 2022"]
[Site "Pardubice"]
[Date "2022.07.21"]
[Round "5.17"]
[White "Klimakovs, Sergejs"]
[Black "Melichar, Vojtech"]
[Result "1-0"]
[ECO "C44"]
[WhiteElo "2266"]
[BlackElo "1907"]
[Annotator "TA"]
[PlyCount "71"]
[EventDate "2022.07.20"]
[EventType "swiss"]
[EventCountry "CZE"]
[SourceTitle "playchess.com"]
[Source "ChessBase"]
[SourceQuality "1"]
[TimeControl "1200+10"]

1. e4 e5 2. Nf3 Nc6 3. d4 exd4 4. Nxd4 Nf6 5. Nxc6 dxc6 6. Qxd8+ Kxd8 7. f3 {C45: Scotch Game.} Be6 8. Be3 Nd7 9. Nc3 {The position is equal.} Bb4 {[#]} 10. Bd2 $146 ({Predecessor:} 10. Kf2 Bc5 11. Ne2 Bxe3+ 12. Kxe3 Ke7 13. Nd4 g6 14. Rd1 Rad8 15. Be2 f5 16. exf5 Bxf5 17. Nxf5+ gxf5 {½-½ (47) Svrsek,R (1958)-Bichik,A (1868) LSS email 2012}) 10... a5 11. a3 Bd6 12. Be2 f6 13. f4 h5 14. Bf3 Ke7 15. Be3 Bc5 (15... Nb6 $5 ) 16. Kf2 g5 17. g3 Bxe3+ 18. Kxe3 Nb6 19. h4 Nc4+ 20. Kf2 g4 21. Be2 Rhd8 22. Bxc4 Bxc4 23. Rhd1 {Prevents Rd2+.} b5 (23... Rd6 $11 {should be considered.}) 24. Rxd8 $14 Rxd8 {[%mdl 4096] Endgame KRB-KRN} 25. Rd1 {Inhibits Rd2+. Strongly threatening Rxd8.} Rd6 26. b3 Bf7 27. b4 a4 28. Ke3 Bc4 (28... Rxd1 $11 {keeps the balance.} 29. Nxd1 c5 30. bxc5 b4 31. axb4 a3) 29. e5 (29. Re1 $16) 29... Rxd1 $2 (29... fxe5 $11 30. fxe5 Rxd1 31. Nxd1 c5 32. bxc5 b4 33. axb4 a3) 30. exf6+ $18 Kxf6 {[#] ( -> ...Rg1)} 31. Nxd1 $11 {KB-KN} Bd5 $2 {[%mdl 8192] This costs Black the game.} (31... c5 $14) 32. Kd4 $18 {White is clearly winning.} Bf3 33. Nb2 Bd5 34. Nd3 Bf3 35. Nc5 Bd5 36. Na6 {Weighted Error Value: White=0.10 (very precise) /Black=0.33} 1-0

[Event "Czech Open-Rapid 2022"]
[Site "Pardubice"]
[Date "2022.07.21"]
[Round "5.19"]
[White "Gressmann, Moritz"]
[Black "Kavalir, Jan"]
[Result "1-0"]
[ECO "B24"]
[WhiteElo "2114"]
[BlackElo "1987"]
[Annotator "NA RC"]
[PlyCount "69"]
[EventDate "2022.07.20"]
[EventType "swiss"]
[EventCountry "CZE"]
[SourceTitle "playchess.com"]
[Source "ChessBase"]
[SourceQuality "1"]
[TimeControl "1200+10"]

1. e4 c5 2. Nc3 Nc6 3. Bb5 Nd4 4. Nf3 Nxb5 5. Nxb5 a6 6. Nc3 d6 7. d4 cxd4 8. Qxd4 e5 9. Qd3 Be7 10. a4 b6 11. Be3 Nf6 12. O-O h6 13. Rfd1 Be6 14. Nd2 Qc7 15. Nd5 Nxd5 16. exd5 Bg4 17. f3 Bd7 18. b4 O-O 19. c4 f5 20. Nb3 Rfc8 21. c5 Bg5 22. cxb6 Bxe3+ 23. Qxe3 Qc3 24. Qxc3 Rxc3 25. Na5 Kf8 26. Rdc1 Rxc1+ 27. Rxc1 Rb8 28. b7 Ke8 29. b5 axb5 30. axb5 Kd8 31. b6 Ke8 32. Rc7 g5 33. Nc6 Bxc6 34. dxc6 Kd8 35. Rh7 1-0

[Event "Czech Open-Rapid 2022"]
[Site "Pardubice"]
[Date "2022.07.21"]
[Round "5.20"]
[White "Freibergs, Andrejs"]
[Black "Polak, Benedikt"]
[Result "0-1"]
[ECO "D02"]
[WhiteElo "1574"]
[BlackElo "2120"]
[Annotator "NA RC"]
[PlyCount "86"]
[EventDate "2022.07.20"]
[EventType "swiss"]
[EventCountry "CZE"]
[SourceTitle "playchess.com"]
[Source "ChessBase"]
[SourceQuality "1"]
[TimeControl "1200+10"]

1. d4 d5 2. Nf3 e6 3. e3 c5 4. b3 Nf6 5. Bb2 Nc6 6. Bd3 Be7 7. O-O O-O 8. Nbd2 b6 9. a3 Bb7 10. Ne5 g6 11. Qe2 Qc7 12. Rac1 Rfd8 13. f4 cxd4 14. exd4 Bf8 15. Ndf3 Bh6 16. Nxc6 Bxc6 17. Ne5 Bb7 18. a4 Rac8 19. Ba3 Qc3 20. Be7 Qxd4+ 21. Kh1 Ne4 22. Bxe4 Re8 23. Bxg6 hxg6 24. Bf6 Bg7 25. Bxg7 Kxg7 26. Nf3 Qc3 27. Ne5 Rh8 28. Rf3 Qb2 29. Nd3 Qd4 30. Qe5+ Qxe5 31. fxe5 Rc7 32. Rcf1 Ba6 33. R1f2 Bxd3 34. Rxd3 Rhc8 35. Rdf3 Rxc2 36. Rxf7+ Kh6 37. h3 Rxf2 38. Rxf2 Rc1+ 39. Kh2 Re1 40. Rf7 Rxe5 41. Rxa7 d4 42. Rd7 Rd5 43. Kg3 Re5 0-1

[Event "Czech Open-Rapid 2022"]
[Site "Pardubice"]
[Date "2022.07.21"]
[Round "5.21"]
[White "Contos, Vaclav sr"]
[Black "Kraus, Ondrej"]
[Result "0-1"]
[ECO "A56"]
[WhiteElo "2074"]
[BlackElo "1993"]
[Annotator "NA RC"]
[PlyCount "134"]
[EventDate "2022.07.20"]
[EventType "swiss"]
[EventCountry "CZE"]
[SourceTitle "playchess.com"]
[Source "ChessBase"]
[SourceQuality "1"]
[TimeControl "1200+10"]

1. d4 Nf6 2. c4 c5 3. Nf3 cxd4 4. Nxd4 Nc6 5. Nc3 e5 6. Nc2 Bc5 7. Be3 Qe7 8. Qd2 O-O 9. Nd5 Nxd5 10. cxd5 Bxe3 11. Qxe3 Nb4 12. Nxb4 Qxb4+ 13. Qd2 Qe4 14. e3 Kh8 15. Qd3 Qh4 16. Be2 d6 17. g3 Qf6 18. O-O Bh3 19. Rfc1 e4 20. Qxe4 Qxb2 21. Qc2 Qe5 22. Bf3 Bf5 23. Qc3 Qxc3 24. Rxc3 Rfc8 25. Rac1 g5 26. Kf1 Kg7 27. Ke2 Kf6 28. Rxc8 Rxc8 29. Rxc8 Bxc8 30. Be4 Bf5 31. Kd3 b5 32. g4 Bxg4 33. Bxh7 Ke5 34. Bg8 f5 35. Be6 Bf3 36. Bd7 Bxd5 37. Bxb5 Bxa2 38. Ba6 d5 39. Kc3 Bc4 40. Bc8 f4 41. Bd7 fxe3 42. fxe3 Ke4 43. Kd2 a5 44. Be8 Kf3 45. Bc6 Kg2 46. e4 dxe4 47. Bxe4+ Kxh2 48. Kc3 Be6 49. Bf3 Kg3 50. Be2 Kf4 51. Kb2 Ke3 52. Bh5 Kd4 53. Ka3 Bd7 54. Be2 Kc5 55. Bf3 Kd4 56. Bh5 Ke3 57. Bd1 Bc6 58. Bg4 Bf3 59. Bf5 Kf4 60. Bd7 Be4 61. Ka4 Bf5 62. Bc6 g4 63. Kxa5 g3 64. Bg2 Ke3 65. Kb4 Kf2 66. Bd5 Bg4 67. Kc3 Bf3 0-1

[Event "Czech Open-Rapid 2022"]
[Site "Pardubice"]
[Date "2022.07.21"]
[Round "5.22"]
[White "Jonsson, Gauti Pall"]
[Black "Savitha Shri B"]
[Result "1-0"]
[ECO "B20"]
[WhiteElo "2071"]
[BlackElo "2278"]
[Annotator "TA"]
[PlyCount "69"]
[EventDate "2022.07.20"]
[EventType "swiss"]
[EventCountry "CZE"]
[SourceTitle "playchess.com"]
[Source "ChessBase"]
[SourceQuality "1"]
[TimeControl "1200+10"]

1. e4 c5 2. Be2 Nc6 3. f4 e5 4. d3 {[%emt 0:01:07] [#]} Qc7 $146 ({Predecessor:} 4... exf4 5. Bxf4 Nf6 6. Nc3 d5 7. exd5 Nxd5 8. Nxd5 Qxd5 9. Bf3 Qe6+ 10. Ne2 Nd4 {½-½ (23) Kovalev,V (2648)-Kamsky,G (2665) Chess.com INT 2021}) 5. Nc3 Nf6 6. Nf3 {[%emt 0:00:27] B31: Sicilian: 2...Nc6 3 Bb5 g6.} exf4 7. O-O {[%emt 0:00:26][%cal Oe4e5] Threatening e5!} a6 (7... Be7 $11 {keeps the balance.}) 8. Nd5 $16 {[%emt 0:00:43] White is better.} Nxd5 9. exd5 {[%emt 0:00:03] And now Ng5 would win.} Ne7 10. c4 Ng6 11. b4 cxb4 12. Bb2 {[%emt 0:00:03] [#]} (12. h4 $11) 12... Bc5+ $1 $17 13. d4 Be7 14. d6 (14. a3 $17 {is a better defense.}) 14... Bxd6 (14... Qxd6 $19 {...Qc7 is the strong threat.} 15. Qc2 O-O) 15. c5 (15. h4 $17) 15... Be7 $19 16. Bc4 O-O 17. Qb3 d6 18. Bd5 dxc5 19. Rac1 Bg4 20. Ne5 (20. Qxb4 $142 Qd7 21. Qb3) 20... Rad8 $4 21. Bxf7+ $18 (21. Nxg4 Qd7 22. Bf3 cxd4 $11) 21... Kh8 {[%emt 0:00:22] Hoping for ...Nxe5.} 22. Bxg6 (22. Nxg4 Qc6 23. Kh1 a5 24. Bxg6 Qxg6 $18) 22... hxg6 23. Nxg4 Rf5 24. Ne5 Kh7 25. Rf3 Rh5 26. Qf7 Qd6 27. Nc4 $2 {[%emt 0:02:07] Dancing on a razor blade.} (27. Rxc5 $18 {has better winning chances.} Qf6 28. Rc7 (28. Rxf4 Qxf7 29. Nxf7 Rxc5 $11) 28... Qxf7 29. Nxf7) 27... Qf6 $16 28. Rxf4 $40 {[%emt 0:00:12][%mdl 128] White attacks with force.} Qg5 (28... Qxf7 $16 29. Rxf7 Bg5) 29. d5 $18 Rg8 30. Re1 Bd8 {[%emt 0:00:15] [#]} 31. Re8 (31. Qxg8+ $142 $3 Kxg8 32. Re8+ Kh7 33. Rff8 Qe3+ 34. Nxe3 g5 35. Rf7 Bf6 36. Bxf6) 31... Qxf4 32. Qxg8+ {[%emt 0:00:40] White mates.} ({Less strong is} 32. Qxf4 Rxe8 33. d6 (33. Qf7 $2 Re1+ 34. Kf2 Re7 $19) 33... Rf5 $16) 32... Kh6 33. Qxg7+ Kg5 34. Re5+ Kg4 35. Ne3+ {[%emt 0:00:06] Quite a comeback for White.  Weighted Error Value: White=0.58/Black=0.84} 1-0

[Event "Czech Open-Rapid 2022"]
[Site "Pardubice"]
[Date "2022.07.21"]
[Round "5.23"]
[White "Babula, Vlastimil jr"]
[Black "Kroulik, Vaclav"]
[Result "1-0"]
[ECO "A45"]
[WhiteElo "2039"]
[BlackElo "1749"]
[Annotator "TA"]
[PlyCount "135"]
[EventDate "2022.07.20"]
[EventType "swiss"]
[EventCountry "CZE"]
[SourceTitle "playchess.com"]
[Source "ChessBase"]
[SourceQuality "1"]
[TimeControl "1200+10"]

1. d4 Nf6 2. Nc3 d5 3. Bf4 Bf5 4. f3 Bg6 5. g4 e6 6. h4 {[%emt 0:00:03] Hoping for h5. D00: 1 d4 d5: Unusual lines.} h5 {[%emt 0:00:22] 6...h5 is better than 6...h6.} 7. g5 Nfd7 8. e3 {[%emt 0:00:04] The position is equal.} Bb4 9. Bd3 Bxd3 10. Qxd3 c5 11. dxc5 {[%emt 0:00:48] [#]} (11. O-O-O $11) 11... Bxc5 $146 (11... Nc6 $15 12. a3 Bxc5) ({Predecessor:} 11... Nc6 12. a3 Qa5 13. Bd6 Nxc5 14. Bxc5 Bxc5 15. Nge2 Ne5 16. Qb5+ Qxb5 17. Nxb5 Rc8 {0-1 (40) Hechl,F (2066)-Kruckenhauser,A (2012) Sankt Veit an der Glan 2019}) 12. O-O-O Nc6 13. Nge2 Qa5 {[%emt 0:00:21] Inhibits Na4.} 14. Kb1 Nde5 15. Qb5 Qxb5 16. Nxb5 {[%emt 0:00:03] Nc7+ is the strong threat.} O-O-O {[%emt 0:00:16] Inhibits Nc7.} 17. Ned4 a6 18. Nxc6 Nxc6 19. Nd4 Rhe8 (19... Bxd4 $5 20. exd4 Kd7 $11) 20. Nxc6 bxc6 21. Be5 Bxe3 22. Bxg7 Bf4 {[%emt 0:00:56] Against Be5} 23. Bf6 Rd7 24. c4 Kb7 25. Kc2 Rc8 26. Rd3 c5 27. Rhd1 d4 28. Re1 Kc6 29. Be5 Be3 (29... Bxe5 $11 {keeps the balance.} 30. Rxe5 Kd6) 30. Rf1 Rg8 (30... a5 $142) 31. f4 Re7 (31... a5 $16 {might work better.}) 32. Rf3 ({Better is} 32. Rb3 $18) 32... Rd7 (32... f5 $16 33. Rfxe3 dxe3) 33. Ra3 $18 Kb6 34. Kd3 Re7 35. Ke4 Ree8 $2 (35... Rc8 36. f5 Rce8) 36. Rd3 Kc6 37. Rfxe3 dxe3 {[%emt 0:00:13][%mdl 4096] Endgame KRR-KRB} 38. Rd6+ Kb7 {[%emt 0:00:06] Strongly threatening ...e2.} 39. Rd7+ Ka8 (39... Kc6 $142 40. Rc7+ Kb6 41. Kxe3 Rgf8) 40. Kxe3 Rd8 $2 (40... Ref8 41. b3 a5) 41. Rxf7 Rd1 42. Bf6 {[%emt 0:00:54] And now Rh7 would win.} Re1+ 43. Kf2 Re4 (43... Rh1 44. Re7 Rxh4) 44. Kf3 Rxc4 45. Re7 Rc1 46. Rxe6 Kb7 $2 (46... Rh1 47. Be5 (47. Rxa6+ Kb7 $18) 47... Rh3+ 48. Ke4 Rxh4) 47. Be5 Rh1 48. g6 Rxh4 49. g7 {[%emt 0:00:02] Threatens to win with Re7+.} Rg4 50. Rh6 R4xg7 51. Bxg7 Rxg7 52. Rxh5 {[%emt 0:00:31] KR-KR} Kc6 53. Rh2 Kd5 54. Rh6 Ra7 55. Ke3 (55. f5 $142) 55... Re7+ {[%emt 0:00:06] [#]} 56. Kd3 $1 c4+ {[%emt 0:00:12] [#]} 57. Kd2 $1 Rf7 (57... a5 $16) 58. Ke3 ({Not} 58. Rxa6 Rxf4 59. Ra8 Kc5 $14) 58... Re7+ 59. Kf3 Rb7 60. Rh2 ({Worse is} 60. Rxa6 Rxb2 61. Ke3 c3 $11) 60... Rg7 (60... a5 {was called for.} 61. Rd2+ Ke6) 61. Rd2+ (61. Re2 $142) 61... Kc5 $2 (61... Ke6 62. Ke4 Re7) 62. f5 a5 63. Kf4 Rf7 64. Ke5 (64. Kg5 $142 Rg7+ 65. Kh6) 64... c3 65. bxc3 {[%emt 0:00:08] White mates.} Kc4 66. Rd4+ Kxc3 67. Ra4 Ra7 68. f6 {[%emt 0:00:04] Weighted Error Value: White=0.35/Black=0.43} 1-0

[Event "Czech Open-Rapid 2022"]
[Site "Pardubice"]
[Date "2022.07.21"]
[Round "5.24"]
[White "Sarkar, Justin"]
[Black "Meszaros, Ludek"]
[Result "1-0"]
[ECO "E95"]
[WhiteElo "2346"]
[BlackElo "2049"]
[Annotator "TA"]
[PlyCount "83"]
[EventDate "2022.07.20"]
[EventType "swiss"]
[EventCountry "CZE"]
[SourceTitle "playchess.com"]
[Source "ChessBase"]
[SourceQuality "1"]
[TimeControl "1200+10"]

1. d4 Nf6 2. c4 g6 3. Nc3 Bg7 4. e4 d6 5. Nf3 O-O 6. Be2 Nbd7 7. O-O e5 8. Re1 c6 9. Bf1 Qb6 10. Rb1 {[%emt 0:02:44] E95: King's Indian: Classical: 7...Nbd7 8 Re1.} ({Don't play} 10. c5 dxc5 11. d5 (11. dxe5 Ng4 $15) 11... cxd5 12. exd5 Qd6 $11) 10... a5 11. b3 exd4 12. Nxd4 {[%emt 0:00:02] [#] White is slightly better.} (12. Na4 $5 Qa7 13. Nxd4 $11) 12... Nc5 $146 ({Predecessor:} 12... Ng4 13. Nce2 Nc5 14. h3 Ne5 15. Nc3 Ncd3 16. Na4 Qxd4 17. Re3 b5 18. cxb5 cxb5 19. Nb2 Nxc1 20. Qxd4 Nf3+ 21. gxf3 Bxd4 22. Re1 Nxa2 23. Bxb5 Nc3 {0-1 (23) Fernandez Manrique,A (2183)-Rositsan,B (2051) Lyon 2015}) 13. Bb2 Bg4 14. f3 Be6 15. Kh1 Rad8 16. Nc2 d5 17. cxd5 cxd5 18. e5 Nh5 (18... Nfd7 $14) 19. Nd4 $16 {[%emt 0:00:45] Qd2 is the strong threat.} Bc8 {[%emt 0:02:00] [#]} (19... Rfe8 $16 {was worth a try.}) 20. Qd2 $1 $18 Ne6 21. Na4 Qa7 22. Nb5 Qb8 23. Qxa5 d4 24. Nd6 {[%emt 0:00:01] White is more active.} Bxe5 (24... Bd7 $142 25. Nb6 Bc6) 25. Qxe5 ({And not} 25. Nxc8 Bxh2 26. Ne7+ Kh8 $11) 25... Qxd6 26. Qxd6 Rxd6 27. Ba3 Rfd8 28. Bxd6 Rxd6 29. Rbc1 Bd7 30. Nc5 Nxc5 31. Rxc5 Nf4 32. Kg1 Ne6 33. Rc2 b6 34. Kf2 Nc5 35. Rd1 Kg7 36. Rcd2 {[%emt 0:00:09] White is clearly winning.} Ne6 37. Bc4 b5 38. Bxe6 Bxe6 39. Rxd4 Ra6 40. R1d2 Kf6 41. Rd6 Ra8 42. Rc6 {Weighted Error Value: White=0.09 (flawless) /Black=0.24 (precise)} 1-0

[Event "Czech Open-Rapid 2022"]
[Site "Pardubice"]
[Date "2022.07.21"]
[Round "5.26"]
[White "Malinovsky, Petr"]
[Black "Vokoun, Jan"]
[Result "1-0"]
[ECO "A59"]
[WhiteElo "1959"]
[BlackElo "2056"]
[Annotator "RC"]
[PlyCount "61"]
[EventDate "2022.07.20"]
[EventType "swiss"]
[EventCountry "CZE"]
[SourceTitle "playchess.com"]
[Source "ChessBase"]
[SourceQuality "1"]
[TimeControl "1200+10"]

1. d4 Nf6 2. c4 c5 3. d5 b5 4. cxb5 a6 5. bxa6 Bxa6 6. Nc3 d6 7. e4 g6 8. Bxa6 Rxa6 9. Nf3 Nbd7 10. O-O Bg7 11. Qe2 Qa8 12. Nb5 Qb7 13. a4 O-O 14. Ra3 Nb6 15. b3 c4 16. bxc4 Rc8 17. Nd2 Rxa4 18. Rxa4 Nxa4 19. Nb3 Ra8 20. Bd2 Nd7 21. Na5 Qb6 22. Nc6 Kf8 23. Be3 Nac5 24. f4 Nb8 25. Nxb8 Qxb8 26. Bxc5 dxc5 27. e5 Qb6 28. d6 exd6 29. Nxd6 Qb3 30. Qf3 Rb8 31. Qd5 1-0

[Event "Czech Open-Rapid 2022"]
[Site "Pardubice"]
[Date "2022.07.21"]
[Round "5.27"]
[White "Sir, Zbynek"]
[Black "Brozka, Karel"]
[Result "1/2-1/2"]
[ECO "B13"]
[WhiteElo "2199"]
[BlackElo "2188"]
[Annotator "TA"]
[PlyCount "97"]
[EventDate "2022.07.20"]
[EventType "swiss"]
[EventCountry "CZE"]
[SourceTitle "playchess.com"]
[Source "ChessBase"]
[SourceQuality "1"]
[TimeControl "1200+10"]

1. e4 c6 2. d4 d5 3. exd5 cxd5 4. c4 Nf6 5. Nc3 Nc6 6. cxd5 Nxd5 7. Bc4 e6 8. Nf3 Be7 9. O-O O-O 10. Re1 b6 {[%emt 0:00:50] D41: Queen's Gambit Declined: Semi-Tarrasch with 5 cxd5.} 11. a3 (11. Nxd5 $14 exd5 12. Bb5) 11... Bb7 (11... Nxc3 $142 $1 12. bxc3 Bb7) 12. Nxd5 $11 exd5 {[%emt 0:00:03] White has an edge.} 13. Bb5 {[%emt 0:00:15][%cal Bc4b5,Bb5a4,Ba4c2][%mdl 32] [#]} Bd6 $146 ({Predecessor:} 13... Bf6 14. Ne5 Nxe5 15. dxe5 Be7 16. Bf4 d4 17. Qg4 f5 18. exf6 Bxf6 19. Bd3 Rf7 {1-0 (33) Arutinian,D (2545)-Loiseau,Q (2374) Cappelle la Grande 2013}) 14. Bg5 f6 15. Bh4 a6 16. Ba4 b5 17. Bc2 Ne7 18. Qd3 g6 $1 19. Qd2 Bc8 20. Bb3 Bf5 21. Qe2 Qb6 22. Bg3 {[%emt 0:01:26] [#] Black must now prevent Bxd6.} Rae8 23. Rac1 Kg7 24. Bxd6 Qxd6 25. Nh4 Qf4 26. g3 $1 Qxd4 27. Rc7 {[%emt 0:00:14] [#] Qxe7+ would kill now.} Be4 28. Bxd5 Bxd5 29. Rxe7+ Rxe7 30. Qxe7+ Rf7 31. Qe2 Bc4 (31... Ba8 {feels hotter.} 32. Rd1 Qc5 33. Qe8 Qc2) 32. Nf3 Qg4 33. Qe4 Qxe4 34. Rxe4 $15 {[%emt 0:00:02][%mdl 4096] Endgame KRB-KRN} Bd5 35. Re3 Rc7 36. Ne1 Kf7 37. f4 {[%emt 0:00:30] The position is equal.} Rc1 38. Kf2 a5 39. Re2 Rd1 40. Nf3 Bc4 41. Rd2 Rf1+ 42. Ke3 Ke7 43. Nd4 Re1+ 44. Kf2 Rf1+ 45. Ke3 Re1+ 46. Kf3 a4 47. g4 Rf1+ 48. Ke3 Re1+ 49. Kf3 {[%emt 0:00:23] Weighted Error Value: White=0.10 (very precise) /Black=0.10 (very precise)} 1/2-1/2